[Event "*** Titled Tuesday Blitz"]
[Site "Chess.com"]
[Date "2021.03.09"]
[Round "11"]
[White "mary-sanna"]
[Black "LuisFSiles"]
[Result "0-1"]
[WhiteElo "2067"]
[BlackElo "2277"]
[TimeControl "180+1"]
[EndTime "12:09:22 PST"]
[Termination "LuisFSiles won by checkmate"]

1. d4 Nf6 2. Bf4 g6 3. Nc3 d5 4. e3 Bg7 5. h4 h5 6. Nf3 Bg4 7. Be2 Bxf3 8. Bxf3 c6 9. Qe2 Nbd7 10.
a4 O-O 11. g4 hxg4 12. Bxg4 Nxg4 13. Qxg4 Nf6 14. Qh3 Nh5 15. Bg5 Qd6 16. Qh2 e5 17. dxe5 Bxe5 18. f4 Bg7 19. f5 Be5 20. Qg1 Bg3+ 21.
Kd2 c5 22. Nb5 Qe5 23. Bh6 Rfe8 24. fxg6 fxg6 25. Rh3 d4 26. Rxg3 Nxg3 27. Bf4 Ne4+ 28. Kc1 Qf5 29. h5 dxe3 30. Bxe3 g5 31. Nc7 Rad8 32. Nxe8 Rxe8 33. h6 Kh7 34. Ra3 Rf8 35. Bxc5 Qf1+ 36. Qxf1 Rxf1# 0-1

[Event "*** Titled Tuesday Blitz"]
[Site "Chess.com"]
[Date "2021.03.09"]
[Round "11"]
[White "esapunov"]
[Black "Lupul_Cenusiu"]
[Result "1-0"]
[WhiteElo "2728"]
[BlackElo "2571"]
[TimeControl "180+1"]
[EndTime "12:09:23 PST"]
[Termination "esapunov won by resignation"]

1. c4 e5 2. Nf3 Nc6 3. Nc3 Nf6 4.
e3 Be7 5. a3 a5 6. Qc2 d6 7.
Be2 h6 8. O-O O-O 9. d3 Be6 10.
b3 d5 11. cxd5 Nxd5 12. Ne4 Bg4 13. Bb2 f6 14. Rfd1 Bf5 15. Rac1 Kh8 16. Nfd2 Qd7 17.
Nf3 Bh7 18. h3 Rad8 19. Bf1 Nb6 20. Be2 Rfe8 21. Nh4 f5 22. Nc5 Bxc5 23. Qxc5 Qd6 24. Nf3 Rd7 25. Qb5 Bg8 26. d4 e4 27. Ne5 Rde7 28. Bh5 Nd8 29. Bxe8 Nd5 30. Ng6+ Kh7 31. Nxe7 Qxe7 32. Qd7 Qxd7 33. Bxd7 b6 34. Rd2 Kg6 35. Rdc2 Kf6 36. Rxc7 Nxc7 37. Rxc7 Bxb3 38. d5+ Ke7 39. Bxf5+ Ke8 40. d6 Nf7 41. Bg6 Kf8 42. Bxf7 Bxf7 43. d7 Ke7 44. d8=Q+ 1-0

[Event "*** Titled Tuesday Blitz"]
[Site "Chess.com"]
[Date "2021.03.09"]
[Round "11"]
[White "Hikaru"]
[Black "BillieKimbah"]
[Result "1-0"]
[WhiteElo "3157"]
[BlackElo "2867"]
[TimeControl "180+1"]
[EndTime "12:09:25 PST"]
[Termination "Hikaru won on time"]

1. e4 e5 2. f4 d5 3. exd5 exf4 4. Nf3 Nf6 5. Bb5+ c6 6. dxc6 Nxc6 7. d4 Bd6 8. O-O O-O 9. c3 Bg4 10. Nbd2 Re8 11.
Bd3 Bc7 12. Qc2 h6 13. Ne4 Bxf3 14. Nxf6+ Qxf6 15. gxf3 Nd8 16. Bh7+ Kh8 17. Be4 Rb8 18. Bd2 Ne6 19. Rae1 Ng5 20. Kh1 b6 21. b4 Re7 22.
Qd3 Rbe8 23. c4 Nxe4 24. fxe4 Qg6 25. Bxf4 Bd8 26. Rg1 Qh7 27. c5 Rxe4 28. Bg3 Qf5 29. d5 h5 30. c6 h4 31. Bd6 g6 32. Rxe4 Rxe4 33. Rf1 Qg4 34. h3 1-0

[Event "*** Titled Tuesday Blitz"]
[Site "Chess.com"]
[Date "2021.03.09"]
[Round "11"]
[White "rpragchess"]
[Black "PavelShkapenko"]
[Result "1/2-1/2"]
[WhiteElo "2913"]
[BlackElo "2733"]
[TimeControl "180+1"]
[EndTime "12:09:26 PST"]
[Termination "Game drawn by repetition"]

1. Nf3 Nf6 2. c4 e6 3. g3 b6 4. Bg2 Bb7 5. O-O Be7 6. Nc3 O-O 7. Re1 Ne4 8. Nxe4 Bxe4 9. d3 Bb7 10. e4 c5 11. d4 cxd4 12. Nxd4 Nc6 13. Be3 Bc5 14. Qd2 e5 15. Nf5 Bxe3 16. fxe3 Ne7 17. Nd6 Bc6 18. Rf1 Nc8 19. Rad1 Nxd6 20. Qxd6 Qg5 21. Qd3 Qg6 22. Rf5 Qe6 23. b3 g6 24. Rf2 f6 25. Rfd2 Kg7 26.
Qe2 a5 27. Rd6 Qe7 28. Qd3 Ra7 29. Bh3 Rf7 30. Rd2 Rc7 31. Kf2 Ra7 32. Ke1 Qe8 33. Bg2 Qb8 34. a3 Qb7 35. Kf2 Qb8 36. Kg1 Qb7 37. h4 h5 38. Kh2 Qa8 39. Rf2 Qb8 40. Rf1 Qa8 41. Rd1 Qb8 42. Rd2 Qa8 43. Re2 Qb8 44.
Rf2 Qa8 45. Qb1 Qf8 46. Rfd2 Qa8 47. Qc2 Qb8 48. Qd3 Qa8 1/2-1/2

[Event "*** Titled Tuesday Blitz"]
[Site "Chess.com"]
[Date "2021.03.09"]
[Round "11"]
[White "GregShahade"]
[Black "CSB7"]
[Result "1-0"]
[WhiteElo "2762"]
[BlackElo "2613"]
[TimeControl "180+1"]
[EndTime "12:09:27 PST"]
[Termination "GregShahade won by resignation"]

1. e4 e5 2. Nf3 Nc6 3. Bb5 Nf6 4. d3 Bc5 5. O-O Nd4 6. Nxd4 Bxd4 7. c3 Bb6 8. Ba4 O-O 9. Bg5 h6 10. Bh4 d6 11.
Nd2 g5 12. Bg3 Bg4 13. Qe1 Nh5 14. Bd1 Qd7 15. Nc4 f5 16. Nxb6 axb6 17. f3 Nxg3 18.
hxg3 Bh5 19. exf5 Qb5 20. Qd2 Kg7 21. Bb3 Bf7 22. Bxf7 Rxf7 23. g4 Ra4 24. a3 Qb3 25.
Qd1 Qxd1 26. Raxd1 h5 27. gxh5 Rxf5 28. g4 Rff4 29. Kg2 Ra5 30. Rfe1 Rb5 31. b4 Rd5 32. Re4 b5 33. Kf2 c5 34. Ke2 Kh6 35. Rxf4 exf4 36.
d4 cxd4 37. cxd4 1-0

[Event "*** Titled Tuesday Blitz"]
[Site "Chess.com"]
[Date "2021.03.09"]
[Round "11"]
[White "AniJak"]
[Black "lacafi"]
[Result "1-0"]
[WhiteElo "2316"]
[BlackElo "2162"]
[TimeControl "180+1"]
[EndTime "12:09:27 PST"]
[Termination "AniJak won by checkmate"]

1. e4 c6 2. d4 d5 3. e5 Bf5 4. Nf3 e6 5. Be2 Ne7 6. O-O Nd7 7. Nbd2 c5 8. c3 Nc6 9. Re1 Be7 10. Nf1 h6 11.
Ng3 Bg6 12. Be3 O-O 13. h3 a6 14. Nh2 b5 15. Nh5 b4 16. dxc5 bxc3 17. bxc3 Ncxe5 18. Nf4 Bh7 19. Ng4 Nxg4 20. Bxg4 Nxc5 21. Qe2 Ne4 22.
Rac1 Bf6 23. c4 dxc4 24. Rxc4 Nd6 25. Rcc1 Qa5 26. Bc5 Rfd8 27. Bxe6 fxe6 28. Nxe6 Rd7 29. Red1 Be7 30. Qg4 Ne8 31. Rxd7 Nf6 32. Qxg7# 1-0

[Event "*** Titled Tuesday Blitz"]
[Site "Chess.com"]
[Date "2021.03.09"]
[Round "11"]
[White "IECS12"]
[Black "ChronicUnhappiness"]
[Result "1-0"]
[WhiteElo "2233"]
[BlackElo "2317"]
[TimeControl "180+1"]
[EndTime "12:09:29 PST"]
[Termination "IECS12 won by resignation"]

1. d4 Nf6 2. Bf4 e6 3. e3 Bd6 4.
Bg3 Bxg3 5. hxg3 d6 6. Nd2 e5 7. dxe5 dxe5 8. Nc4 Qxd1+ 9. Rxd1 Nc6 10. Nf3 Bg4 11. Be2 e4 12. Nd4 Nxd4 13. Rxd4 Be6 14. a4 Ke7 15. O-O Rhd8 16. Rfd1 Rxd4 17. Rxd4 Rd8 18.
c3 c5 19. Rxd8 Kxd8 20. f3 Kc7 21. Kf2 Nd7 22. Nd2 exf3 23. gxf3 h5 24. f4 g6 25.
e4 a5 26. Ke3 Nb6 27. Bb5 Nc8 28. Nf3 Nd6 29. Ng5 Nxb5 30. axb5 Bc4 31. e5 Kb6 32. Ne4 Kxb5 33. Nd6+ Ka4 34. Nxc4 Kb3 35. Nxa5+ Kxb2 36. Nxb7 c4 1-0

[Event "*** Titled Tuesday Blitz"]
[Site "Chess.com"]
[Date "2021.03.09"]
[Round "11"]
[White "shnitez"]
[Black "13MiRacLe"]
[Result "0-1"]
[WhiteElo "2501"]
[BlackElo "2674"]
[TimeControl "180+1"]
[EndTime "12:09:30 PST"]
[Termination "13MiRacLe won by resignation"]

1. c4 g6 2. Nc3 c5 3. Nf3 Bg7 4. e3 Nf6 5. g3 d5 6. cxd5 Nxd5 7. Bg2 O-O 8. O-O Nc6 9. Nxd5 Qxd5 10. d4 Qh5 11. dxc5 Qxc5 12. Qa4 Qh5 13. Qh4 Qxh4 14. Nxh4 Be6 15. Bd2 Rfd8 16. Bc3 Bxc3 17. bxc3 Rac8 18.
Nf3 Na5 19. Nd4 Bd5 20. e4 Bc4 21. Rfd1 e5 22. Nf3 f6 23. Rxd8+ Rxd8 24. Bf1 Bxf1 25.
Kxf1 Rd3 26. Ke2 Rxc3 27. Ne1 Kf7 28. Rb1 Ke7 29. Rb2 b6 30. f3 Kd6 31. Rd2+ Kc7 32. Rb2 Nc4 33. Rb1 Ra3 34. Rc1 Rxa2+ 35. Kd3 b5 36. Nc2 a5 37. Rb1 Kc6 38. f4 Rxc2 39. Kxc2 Na3+ 0-1

[Event "*** Titled Tuesday Blitz"]
[Site "Chess.com"]
[Date "2021.03.09"]
[Round "11"]
[White "Milchone1"]
[Black "AsaHoffmann"]
[Result "1-0"]
[WhiteElo "2531"]
[BlackElo "2413"]
[TimeControl "180+1"]
[EndTime "12:09:30 PST"]
[Termination "Milchone1 won by resignation"]

1. Nf3 d6 2. d4 Bg4 3. c4 Nd7 4.
Nc3 e5 5. d5 Ngf6 6. h3 Bxf3 7.
exf3 Be7 8. g3 O-O 9. Bg2 a5 10. O-O Nc5 11. b3 Nfd7 12. Bb2 Bg5 13. Ne4 Bh6 14. Re1 f5 15. Nxc5 Nxc5 16. Ba3 b6 17.
Bxc5 bxc5 18. Bf1 Qd7 19. Kg2 a4 20. Bd3 g6 21. h4 Bg7 22. Rb1 Rfb8 23. Qc2 c6 24. h5 cxd5 25. cxd5 Rb4 26. hxg6 hxg6 27. Bc4 axb3 28. axb3 Rbb8 29. Ra1 Kf7 30. Qd2 Kf6 31. Rh1 Rxa1 32. Rxa1 Rb7 33. Ra8 Ra7 34. Rb8 Rb7 35.
Ra8 Ra7 36. Bb5 Qc7 37. Re8 Kf7 38. Re6 Qd8 39. Be8+ Qxe8 40. Rxe8 Kxe8 41. Qg5 Kf7 42. Qd8 Bf8 43. Qc8 Be7 44. Qe6+ Kg7 45. g4 fxg4 46. fxg4 Rb7 47. f3 Bf8 48. g5 Rxb3 49. Qf6+ Kg8 50. Qxg6+ Kh8 51. Qf7 Bg7 52. g6 Rb8 53.
Qd7 c4 54. Qxd6 Rc8 55. Qd7 Rc5 56. Qe8+ 1-0

[Event "*** Titled Tuesday Blitz"]
[Site "Chess.com"]
[Date "2021.03.09"]
[Round "11"]
[White "lelya96"]
[Black "JiiHart"]
[Result "1-0"]
[WhiteElo "2232"]
[BlackElo "2063"]
[TimeControl "180+1"]
[EndTime "12:09:31 PST"]
[Termination "lelya96 won by checkmate"]

1. d4 Nf6 2. Nf3 d5 3. Bg5 Bg4 4. e3 Nbd7 5. Be2 h6 6. Bh4 e6 7. O-O Bd6 8. Nbd2 c6 9. c4 b6 10.
Bg3 Bxg3 11. hxg3 O-O 12. Nh2 Bxe2 13. Qxe2 e5 14. Ng4 exd4 15. exd4 Re8 16. Ne3 dxc4 17. Ndxc4 Nf8 18. Rad1 Ne6 19. Qd3 Nd5 20. Nf5 Qf6 21. Ncd6 Red8 22. Qc4 Ne7 23. g4 Nxf5 24. Nxf5 Rac8 25.
Rfe1 Kh7 26. Qd3 g6 27. Ng3 Rxd4 28. Qc3 Rf4 29. Qxf6 Rxf6 30. Ne4 Rf4 31. f3 f5 32. Rd7+ Ng7 33. Nf6+ Kh8 34. Ree7 fxg4 35. Nxg4 Nf5 36.
Rh7+ Kg8 37. Nf6+ Kf8 38. Rh8# 1-0

[Event "*** Titled Tuesday Blitz"]
[Site "Chess.com"]
[Date "2021.03.09"]
[Round "11"]
[White "PaulfromSPb"]
[Black "ChessWarrior7197"]
[Result "1-0"]
[WhiteElo "2755"]
[BlackElo "2910"]
[TimeControl "180+1"]
[EndTime "12:09:32 PST"]
[Termination "PaulfromSPb won by checkmate"]

1. e4 c6 2. d4 d5 3. Nd2 dxe4 4. Nxe4 Bf5 5. Ng3 Bg6 6. Nh3 e6 7. Nf4 Bd6 8. h4 Bxf4 9. Bxf4 h6 10. Be2 Nd7 11. c4 Ngf6 12. Bd6 Nb6 13. Ba3 Qc7 14. h5 Bh7 15. O-O O-O-O 16. Rc1 Qf4 17. Bc5 Nfd7 18. Be7 Rde8 19. Bb4 Kb8 20. Rc3 Nc8 21. Rf3 Qg5 22. Rxf7 Ndb6 23. Bd2 Qh4 24. Bf4+ Ka8 25. Be3 Nd6 26. Rxg7 Ndxc4 27. Bxc4 Nxc4 28. Qb3 Nd6 29. Qa3 Nc8 30. Rf7 Reg8 31. Qb3 Nd6 32. Rd7 Rd8 33.
Rc7 Nb5 34. Rf7 Nd6 35. Rf4 Qe7 36. Qa3 Qc7 37. Rc1 Rhg8 38. d5 Nb5 39. Qc5 Rxd5 40.
Rf8+ Rxf8 41. Qxf8+ Rd8 42. Qxh6 Bf5 43. a4 Nd6 44.
Qf4 Qe7 45. Qd4 Nc8 46. Qe5 Rd5 47. Qh8 Rd8 48. Qe5 Rd5 49. Qf4 Bh7 50. h6 Rd8 51. a5 e5 52. Qa4 a6 53. Ne4 Bxe4 54. Qd4 Nd6 55. Qa7# 1-0

[Event "*** Titled Tuesday Blitz"]
[Site "Chess.com"]
[Date "2021.03.09"]
[Round "11"]
[White "francyIM"]
[Black "boasovietica"]
[Result "1-0"]
[WhiteElo "2615"]
[BlackElo "2452"]
[TimeControl "180+1"]
[EndTime "12:09:32 PST"]
[Termination "francyIM won on time"]

1. e4 e5 2. Nf3 Nc6 3. Bc4 Bc5 4. c3 Nf6 5. d4 exd4 6. b4 Bb6 7. e5 Ne4 8. Bd5 Nxc3 9. Nxc3 dxc3 10. Bg5 Ne7 11. O-O h6 12. Bh4 g5 13. Bg3 Nxd5 14. Qxd5 Qe7 15.
a4 a5 16. b5 O-O 17. h4 g4 18. Nh2 h5 19. Rfc1 Qe6 20. Qd3 d6 21. exd6 cxd6 22. Rxc3 d5 23. Rd1 Qe4 24. Qxd5 Qxd5 25. Rxd5 Be6 26.
Rg5+ Kh7 27. Rxh5+ Kg6 28. Rg5+ Kh7 29. Nxg4 f5 30. Ne5 f4 31. Rh5+ Kg7 32. Rg5+ Kh7 33. Rh5+ Kg7 34. Kh2 fxg3+ 35. Rxg3+ Kf6 36. Rg6+ Ke7 37. Rh7+ Bf7 38. Rxb6 Rab8 39. Ng6+ Kd7 40. Nxf8+ 1-0

[Event "*** Titled Tuesday Blitz"]
[Site "Chess.com"]
[Date "2021.03.09"]
[Round "11"]
[White "Vugar_Manafov"]
[Black "IMAghasiyevKamal"]
[Result "1-0"]
[WhiteElo "2661"]
[BlackElo "2493"]
[TimeControl "180+1"]
[EndTime "12:09:33 PST"]
[Termination "Vugar_Manafov won by resignation"]

1. Nf3 d5 2. g3 Nf6 3. Bg2 e6 4. O-O Be7 5. d3 c5 6. Nc3 Nc6 7. e4 O-O 8. h3 b6 9. Nd2 Bb7 10. f4 dxe4 11. dxe4 e5 12. Nd5 exf4 13. Nxe7+ Qxe7 14.
gxf4 Rad8 15. c3 c4 16. Qe2 b5 17. e5 Nd5 18. Ne4 f6 19. exf6 Nxf6 20. Nxf6+ Qxf6 21. Be3 Rfe8 22. Qf2 Rd3 23. Rae1 a6 24. Bc5 Red8 25. Re2 h6 26. Rfe1 Rd1 27. Rxd1 Rxd1+ 28. Kh2 Rd8 29. f5 Na5 30. Bb6 Bxg2 31. Bxd8 Qxd8 32.
Qxg2 Qd6+ 33. Qg3 Qf6 34. Qg6 1-0

[Event "*** Titled Tuesday Blitz"]
[Site "Chess.com"]
[Date "2021.03.09"]
[Round "11"]
[White "ckgchess"]
[Black "MatyChess1"]
[Result "1-0"]
[WhiteElo "2761"]
[BlackElo "2589"]
[TimeControl "180+1"]
[EndTime "12:09:34 PST"]
[Termination "ckgchess won by checkmate"]

1. d4 d5 2. c4 e6 3. Nf3 Nf6 4. g3 Be7 5. Bg2 O-O 6. Nc3 dxc4 7. Ne5 c5 8. dxc5 Qc7 9. Nxc4 Qxc5 10. b3 Qh5 11.
O-O Rd8 12. Qc2 Nc6 13. Bxc6 bxc6 14. Kg2 e5 15. h4 Qg4 16. Rh1 Bf5 17. Qb2 e4 18. Bg5 h6 19. Ne3 hxg5 20. Nxg4 Nxg4 21. hxg5 Bxg5 22. Rh5 Rd2 23. Rah1 f6 24. Qa3 Kf7 25.
Qa6 Rad8 26. Rh8 R8d7 27. Qc4+ Kg6 28. Qg8 Rc2 29. Qh7+ Kf7 30. Qxf5 Rdd2 31. Qxg4 Rxc3 32. Qc8 Rxe2 33. Qe8# 1-0

[Event "*** Titled Tuesday Blitz"]
[Site "Chess.com"]
[Date "2021.03.09"]
[Round "11"]
[White "Nuvas"]
[Black "K_A_S_T_O_R"]
[Result "0-1"]
[WhiteElo "2569"]
[BlackElo "2785"]
[TimeControl "180+1"]
[EndTime "12:09:34 PST"]
[Termination "K_A_S_T_O_R won by resignation"]

1. d4 Nf6 2. c4 g6 3. Nc3 Bg7 4. g3 d5 5. Bg2 dxc4 6. Nf3 O-O 7. Ne5 c5 8. dxc5 Qc7 9. Nxc4 Qxc5 10. Ne3 Nc6 11. O-O Rd8 12. Qa4 Nd4 13. Rd1 e5 14. Bd2 Bd7 15. Qc4 Qd6 16. Bxb7 Rab8 17. Qa6 Qc7 18.
Bg2 Rxb2 19. Ncd5 Nxd5 20. Nxd5 Qb8 21. e3 Ne6 22. Bc3 Rb5 23. Ne7+ Kh8 24. Nc6 Bxc6 25. Bxc6 Rb6 26. Qa4 Nc5 27. Rxd8+ Qxd8 28. Qa5 Qc7 29. Bf3 e4 30. Bxg7+ Kxg7 31. Be2 Qe5 32. Rc1 Nd3 33. Bxd3 Qxa5 0-1

[Event "*** Titled Tuesday Blitz"]
[Site "Chess.com"]
[Date "2021.03.09"]
[Round "11"]
[White "Kurkusha"]
[Black "Oligan22"]
[Result "0-1"]
[WhiteElo "2378"]
[BlackElo "2490"]
[TimeControl "180+1"]
[EndTime "12:09:35 PST"]
[Termination "Oligan22 won on time"]

1. Nf3 d5 2. e3 Bg4 3. c4 e6 4. Nc3 c6 5. h3 Bh5 6. Be2 Nd7 7. d4 Ngf6 8. O-O Bd6 9. Qc2 O-O 10. e4 Bg6 11. Bd3 dxc4 12. Bxc4 e5 13. dxe5 Nxe5 14. Nxe5 Bxe5 15. Re1 Re8 16. Bd3 Qc7 17. Bd2 Rad8 18. Rac1 Qd6 19. Re3 Bf4 20. Rf3 Bxd2 21. Qxd2 Nxe4 22.
Nxe4 Bxe4 23. Rg3 Bxd3 24. Qc3 Bg6 25. h4 h5 26. Qb3 b5 27. a4 a6 28. a5 Re4 29.
Rgc3 Rxh4 30. Rxc6 Qh2+ 31. Kf1 Qh1+ 32. Ke2 Qxg2 33. Rc8 Re4+ 0-1

[Event "*** Titled Tuesday Blitz"]
[Site "Chess.com"]
[Date "2021.03.09"]
[Round "11"]
[White "ARTHURMOTIVATOR"]
[Black "VladaSviridova"]
[Result "1-0"]
[WhiteElo "2349"]
[BlackElo "2228"]
[TimeControl "180+1"]
[EndTime "12:09:35 PST"]
[Termination "ARTHURMOTIVATOR won by resignation"]

1. e4 e6 2. b3 d5 3. Bb2 dxe4 4. Nc3 Nf6 5. Qe2 Bb4 6. O-O-O Qe7 7. Kb1 Bxc3 8. Bxc3 Nbd7 9. g4 h6 10. h4 b6 11. Bg2 Bb7 12. g5 hxg5 13. hxg5 Rxh1 14. gxf6 Rxg1 15. fxe7 Rxg2 16. Qf1 Rg5 17. Qh3 Kxe7 18.
d3 exd3 19. Rxd3 Nf6 20. Bxf6+ gxf6 21. Qh2 e5 22. f4 Rf5 23. fxe5 Rxe5 24. Qd2 Bc6 25.
Qc3 Re6 26. Rd4 Rg8 27. Rc4 Rg1+ 28. Kb2 Kd7 29. Qd4+ Rd6 30. Qxg1 Bd5 31. Rd4 c5 32. Rd2 f5 33. Qd1 f6 34. Rxd5 1-0

[Event "*** Titled Tuesday Blitz"]
[Site "Chess.com"]
[Date "2021.03.09"]
[Round "11"]
[White "jacky72"]
[Black "m_ezat"]
[Result "0-1"]
[WhiteElo "2721"]
[BlackElo "2573"]
[TimeControl "180+1"]
[EndTime "12:09:36 PST"]
[Termination "m_ezat won by checkmate"]

1. d4 Nf6 2. c4 g6 3. Nc3 Bg7 4. e4 d6 5. Be2 O-O 6. Bg5 c5 7. d5 b5 8. cxb5 a6 9. a4 Qa5 10. Bd2 Qb4 11. f3 c4 12. Nh3 Bxh3 13. gxh3 Nbd7 14. O-O Nc5 15. Qc2 Nb3 16. Ra3 axb5 17. axb5 Rxa3 18. bxa3 Qxa3 19. Be3 Qb4 20. Rb1 Nd7 21.
Na2 Qa3 22. b6 Nd4 23. Bxd4 Bxd4+ 24. Kg2 Qe3 25. Bxc4 Rc8 26. Qe2 Rxc4 27. Qxe3 Bxe3 28. Nb4 Bxb6 29. Nc6 Kf8 30. Ra1 Rc2+ 31. Kg3 Bf2+ 32. Kf4 Nb6 33. h4 h6 34. h5 Nxd5+ 35. exd5 Rc4+ 36.
Nd4 Rxd4# 0-1

[Event "*** Titled Tuesday Blitz"]
[Site "Chess.com"]
[Date "2021.03.09"]
[Round "11"]
[White "BeanScreen"]
[Black "Marcin"]
[Result "0-1"]
[WhiteElo "2653"]
[BlackElo "2541"]
[TimeControl "180+1"]
[EndTime "12:09:36 PST"]
[Termination "Marcin won by resignation"]

1. e4 c6 2. d4 d5 3. exd5 cxd5 4. Bd3 Nc6 5. c3 g6 6. Bf4 Nf6 7. Nf3 Bg7 8. O-O O-O 9. Nbd2 a6 10. a4 Nh5 11.
Bg3 Nxg3 12. hxg3 f6 13. c4 Be6 14. Re1 Bf7 15. Qe2 Nb4 16. Bb1 dxc4 17. Nxc4 Rc8 18.
Ne3 Qd7 19. g4 Rfe8 20. Be4 Rc7 21. d5 e6 22. Qd2 Nxd5 23. Rad1 Qxa4 24. Nxd5 exd5 25.
Bxd5 Rxe1+ 26. Rxe1 Qxg4 27. Re8+ Bf8 28. Qh6 Qb4 29.
Be4 Bxe8 30. Qf4 Qd6 31. Qe3 Bf7 32. g3 Qc5 33. Qf4 Qc1+ 34. Qxc1 Rxc1+ 35. Kg2 b5 0-1

[Event "*** Titled Tuesday Blitz"]
[Site "Chess.com"]
[Date "2021.03.09"]
[Round "11"]
[White "howitzer14"]
[Black "Zhuu96"]
[Result "0-1"]
[WhiteElo "3035"]
[BlackElo "2927"]
[TimeControl "180+1"]
[EndTime "12:09:37 PST"]
[Termination "Zhuu96 won on time"]

1. b3 c5 2. Bb2 d5 3. e3 Nc6 4. Bb5 Bd7 5. f4 f6 6. Qh5+ g6 7. Qxd5 Qb6 8. Nc3 O-O-O 9. Qf3 Nh6 10. h3 Nf5 11. Nge2 Nd6 12. Ba4 a6 13. O-O Qa7 14.
Bxc6 Bxc6 15. Qf2 b5 16. d3 Bh6 17. e4 Kb7 18. a4 b4 19. Nd1 Bg7 20. Ne3 Rhf8 21.
Rae1 Qb8 22. Kh1 Qc7 23. Ng1 Nf7 24. Nc4 Bd7 25. f5 Nh6 26. Ne3 Bc6 27. Nf3 Ka8 28. Qg1 Bb7 29. Qh2 Qc8 30. Nc4 Ka7 31. Nh4 g5 32. Nf3 Nf7 33. d4 h5 34. d5 g4 35. Nh4 gxh3 36. gxh3 Ng5 37. Ng6 Rfe8 38.
Nf4 h4 39. Ne3 Nxe4 40. Rg1 Bh6 41. Rg4 Ng3+ 42. Kg1 Nxf5 43. Qf2 Nxe3 44. Rxe3 Bxd5 45. Bc1 Bb7 46. Rd3 Qc6 0-1

[Event "*** Titled Tuesday Blitz"]
[Site "Chess.com"]
[Date "2021.03.09"]
[Round "11"]
[White "Lion-Al-Messi"]
[Black "Margency"]
[Result "0-1"]
[WhiteElo "2515"]
[BlackElo "2711"]
[TimeControl "180+1"]
[EndTime "12:09:37 PST"]
[Termination "Margency won by resignation"]

1. d4 Nf6 2. Nf3 g6 3. Nc3 d5 4.
Ne5 Bg7 5. g3 c5 6. Bg2 cxd4 7.
Qxd4 Nc6 8. Nxc6 bxc6 9. O-O O-O 10. Qa4 Qc7 11. e4 e6 12. Bg5 Rb8 13. e5 Nd7 14. Be7 Nxe5 15. Bxf8 Bxf8 16. Nd1 Nc4 17. c3 Nxb2 18. Nxb2 Rxb2 19. Rab1 Rb6 20. Rxb6 axb6 21. Rb1 Bc5 22. Qc2 Ba6 23. Bf1 Bxf1 24. Kxf1 h5 25.
a4 Qe5 26. Re1 Qf6 27. Kg2 Kg7 28. h4 e5 29. c4 e4 30. cxd5 Qf3+ 31. Kf1 cxd5 32.
Qb2+ Kh7 33. a5 bxa5 34. Ra1 Qd3+ 35. Kg2 Bd4 36. Qb7 Qf3+ 37. Kh3 Qf5+ 0-1

[Event "*** Titled Tuesday Blitz"]
[Site "Chess.com"]
[Date "2021.03.09"]
[Round "11"]
[White "MasterMK73"]
[Black "SkippingLaptop"]
[Result "0-1"]
[WhiteElo "2269"]
[BlackElo "2122"]
[TimeControl "180+1"]
[EndTime "12:09:37 PST"]
[Termination "SkippingLaptop won by resignation"]

1. d4 Nf6 2. Bf4 e6 3. e3 d5 4. Nf3 c5 5. Nbd2 Nc6 6. c3 cxd4 7. exd4 Nh5 8. Be3 Bd6 9. Bd3 Nf4 10. Bxf4 Bxf4 11. O-O O-O 12. Qe2 f6 13. Rae1 e5 14.
g3 Bxd2 15. Nxd2 e4 16. Bc2 Bh3 17. f3 Bxf1 18. Rxf1 f5 19. Nb3 b6 20. c4 Re8 21.
fxe4 fxe4 22. c5 Rf8 23. Rc1 Qf6 24. cxb6 Nxd4 25. Nxd4 Qxd4+ 26. Kh1 Rf2 27. Qh5 axb6 28. Rd1 Rd2 29. Bb3 Rxd1+ 30. Bxd1 Rf8 31. Bb3 Rf1+ 32. Kg2 Qf2+ 33. Kh3 Qf5+ 34. Qxf5 Rxf5 35. Kg4 g6 36. h4 h5+ 37. Kh3 e3 38. Bd1 d4 39. Bb3+ Kg7 40. Bc2 e2 0-1

[Event "*** Titled Tuesday Blitz"]
[Site "Chess.com"]
[Date "2021.03.09"]
[Round "11"]
[White "Andrii_Prydun"]
[Black "david_alex"]
[Result "0-1"]
[WhiteElo "2253"]
[BlackElo "2103"]
[TimeControl "180+1"]
[EndTime "12:09:39 PST"]
[Termination "david_alex won on time"]

1. d4 Nf6 2. Nc3 d5 3. Bf4 e6 4. Nb5 Na6 5. e3 c6 6. Nc3 Be7 7. h3 Qb6 8. Rb1 O-O 9. Nf3 c5 10. Be2 Bd7 11. O-O Rfd8 12. Ne5 Be8 13. a3 Rac8 14. Kh1 cxd4 15. exd4 Ne4 16. Nxe4 dxe4 17. c3 f6 18. Nc4 Qc6 19. Be3 b5 20. Nd2 Nc7 21. f4 f5 22. Rg1 Nd5 23. Nf1 Bd6 24. g3 Qb6 25. Qe1 a5 26. Qf2 b4 27. axb4 axb4 28.
g4 bxc3 29. bxc3 Qxb1 30. gxf5 exf5 31. c4 Nxe3 32. Nxe3 Qb7 33. Nd5 Bf7 34. Nf6+ Kh8 35. Qh4 Bg8 36. d5 Qf7 37. Bh5 Qxf6 0-1

[Event "*** Titled Tuesday Blitz"]
[Site "Chess.com"]
[Date "2021.03.09"]
[Round "11"]
[White "OMGCovid-19"]
[Black "c_r_e_e_p_e_r"]
[Result "0-1"]
[WhiteElo "2080"]
[BlackElo "2349"]
[TimeControl "180+1"]
[EndTime "12:09:39 PST"]
[Termination "c_r_e_e_p_e_r won on time"]

1. e4 c5 2. Nf3 e6 3. d4 cxd4 4. Nxd4 a6 5. c4 Qc7 6. Nc3 Nf6 7. Bd3 b6 8. O-O Bb7 9. h3 d6 10. f4 Be7 11. Be3 Nbd7 12. f5 e5 13. Nf3 Nc5 14.
Nd5 Bxd5 15. cxd5 O-O 16. Rc1 Qb7 17. Bxc5 bxc5 18. Nd2 Qxb2 19. Nc4 Qd4+ 20. Kh1 Nxe4 21. Bxe4 Qxe4 22. f6 Bxf6 23. Nb6 Ra7 24. Rc4 Qg6 25.
Rg4 Qh6 26. Nc4 Be7 27. Na5 f5 28. Rg3 f4 29. Rg4 e4 30. Nc6 Rc7 31. Qb3 f3 32.
Rxe4 fxg2+ 33. Kxg2 Qg6+ 34. Rg4 Qe8 35. Qg3 Bf6 36.
Re1 Qf7 37. Re6 Rxc6 38. Rxf6 Qxd5+ 39. Rf3 Rc7 40. Rf4 Rcf7 41. Rxf7 Rxf7 42. Qf2 c4 0-1

[Event "*** Titled Tuesday Blitz"]
[Site "Chess.com"]
[Date "2021.03.09"]
[Round "11"]
[White "ChristopherYoo"]
[Black "Iball95"]
[Result "1-0"]
[WhiteElo "2919"]
[BlackElo "2655"]
[TimeControl "180+1"]
[EndTime "12:09:40 PST"]
[Termination "ChristopherYoo won on time"]

1. d4 Nf6 2. Nf3 e6 3. c4 d5 4.
Nc3 Bb4 5. Qb3 Nc6 6. a3 Bd6 7. Bg5 dxc4 8. Qxc4 h6 9. Bh4 O-O 10. Ne4 Be7 11. Nxf6+ Bxf6 12. Bxf6 Qxf6 13. e3 e5 14. d5 e4 15. Nd2 Ne5 16. Nxe4 Qg6 17. Qd4 Re8 18. Ng3 c5 19. Qxc5 Bg4 20. Bb5 Nd3+ 21. Bxd3 Qxd3 22. Qc3 Qa6 23. f3 Rac8 24. Qd2 Bd7 25. Kf2 Qb6 26. Rac1 Rcd8 27. Ne2 Bc6 28.
Nc3 Rd7 29. Rhd1 Red8 30. Ne2 Bxd5 31. Nd4 1-0

[Event "*** Titled Tuesday Blitz"]
[Site "Chess.com"]
[Date "2021.03.09"]
[Round "11"]
[White "Handszar"]
[Black "maximnovik"]
[Result "1/2-1/2"]
[WhiteElo "2399"]
[BlackElo "2546"]
[TimeControl "180+1"]
[EndTime "12:09:40 PST"]
[Termination "Game drawn by repetition"]

1. e4 c5 2. Nf3 e6 3. d4 cxd4 4.
Nxd4 a6 5. Nc3 b5 6. Bd3 Nc6 7. Nxc6 dxc6 8. a4 Rb8 9. Bf4 Bd6 10. e5 Bb4 11. O-O Ne7 12. Ne4 Nd5 13. Bg5 Qc7 14.
c3 Bf8 15. axb5 axb5 16. Bh4 h6 17. Bg3 Be7 18. Nd6+ Bxd6 19. exd6 Qd7 20. Qg4 O-O 21. Rfe1 Bb7 22. Qe4 f5 23. Qxe6+ Qxe6 24. Rxe6 f4 25. Bh4 Kf7 26. Rae1 g5 27. Rxh6 gxh4 28. Rh7+ Kg8 29. Re5 Rfe8 30. Rg5+ Kf8 31. Rf5+ Kg8 32. Rg5+ Kf8 33.
Rf5+ Kg8 34. Rg5+ 1/2-1/2